Workbook

Sheet Army Costs
A1: Maintaince Cost | B1: Time Period in months | C1: Cost in Drachms per month | D1: Cost in Talents per month | E1: Soldiers to be hired | F1: Army Cost in talents
A2: Archer | B2: 12 | C2: 150 | D2: =(C2/6000)*B2 -> 0.3 | F2: =E2*D2 -> 0
A3: Infantry member | B3: 12 | C3: 250 | D3: =(C3/6000)*B3 -> 0.5 | E3: 5000 | F3: =E3*D3 -> 2500
A4: Cavalry member | B4: 12 | C4: 500 | D4: =(C4/6000)*B4 -> 1 | E4: 2000 | F4: =E4*D4 -> 2000
A5: Ship | B5: 12 | C5: 6000 | D5: =(C5/6000)*B5 -> 12 | F5: =E5*D5 -> 0
A6: Total | F6: =SUM(F3:F5) -> 4500

Sheet Money Value
A1: 10 talents | B1: Light Blue
A2: 50 talents | B2: Purple
A3: 100 talents | B3: Yellow
A4: 250 talents | B4: Orange
A5: 500 talents | B5: Green
A6: 750 talents | B6: Red
A7: 1000 talents | B7: Dark Blue

Sheet Distribution of Money
A1: Location | B1: Owner | C1: Total Value in Talents | D1: Total Value in Drachms
A2: Athens | B2: Harpalus | C2: 5000 | D2: =C2*6000 -> 30000000
A3: Kilikia | B3: Krateros | C3: 20000 | D3: =C3*6000 -> 120000000
A4: Persepolis | B4: Peukestas | C4: 50000 | D4: =C4*6000 -> 300000000
A5: Sardis | B5: Eumenes | C5: 20000 | D5: =C5*6000 -> 120000000
A6: Babylon | B6: Meleagros | C6: 90000 | D6: =C6*6000 -> 540000000
A7: Bactria | B7: Lysimachos | C7: 5000 | D7: =C7*6000 -> 30000000
A8: Pella | B8: Antipater | C8: 10000 | D8: =C8*6000 -> 60000000
A9: Kelania | B9: Antigonos | C9: 20000 | D9: =C9*6000 -> 120000000
A10: Alexandria | B10: Ptolemy | C10: 50000 | D10: =C10*6000 -> 300000000
C13: =SUM(C2:C10) -> 270000
C16: =90000-36000-21600 -> 32400 | D16: 0.6 | E16: =C16*D16 -> 19440
C17: =90000*0.4 -> 36000

Sheet Distribution of Troops
A1: Location | B1: Commander | C1: Archers/Slingers | D1: Infantry | E1: Cavalry | F1: Ships | G1: Cost per month in Talents
A2: Kilikia | B2: Antigonos | D2: 6480 | E2: 1620 | F2: 0 | G2: =(D2*'Army Costs'!$D$3)+(E2*'Army Costs'!$D$4)+('Distribution of Troops'!F2*'Army Costs'!$D$5)+(C2*'Army Costs'!$D$2) -> 4860
A3: Thrace | B3: Krateros | D3: 9900 | E3: 1485 | F3: 0 | G3: =(D3*'Army Costs'!$D$3)+(E3*'Army Costs'!$D$4)+('Distribution of Troops'!F3*'Army Costs'!$D$5)+(C3*'Army Costs'!$D$2) -> 6435
A4: Macedon | B4: Antipater | D4: 10000 | F4: 0 | G4: =(D4*'Army Costs'!$D$3)+(E4*'Army Costs'!$D$4)+('Distribution of Troops'!F4*'Army Costs'!$D$5)+(C4*'Army Costs'!$D$2) -> 5000
A5: Macedon | B5: Perdiccas | E5: 235 | G5: =(D5*'Army Costs'!$D$3)+(E5*'Army Costs'!$D$4)+('Distribution of Troops'!F5*'Army Costs'!$D$5)+(C5*'Army Costs'!$D$2) -> 235
A6: Thrace | B6: Nearchos | F6: 4000 | G6: =(D6*'Army Costs'!$D$3)+(E6*'Army Costs'!$D$4)+('Distribution of Troops'!F6*'Army Costs'!$D$5)+(C6*'Army Costs'!$D$2) -> 48000
A7: Greece | B7: Harpalos | D7: 5000 | E7: 2000 | G7: =(D7*'Army Costs'!$D$3)+(E7*'Army Costs'!$D$4)+('Distribution of Troops'!F7*'Army Costs'!$D$5)+(C7*'Army Costs'!$D$2) -> 4500
A8: Sardis | B8: Eumenes | D8: 10000 | E8: 0 | G8: =(D8*'Army Costs'!$D$3)+(E8*'Army Costs'!$D$4)+('Distribution of Troops'!F8*'Army Costs'!$D$5)+(C8*'Army Costs'!$D$2) -> 5000
A9: Babylon | B9: Meleagros | D9: 15000 | E9: 3200 | G9: =(D9*'Army Costs'!$D$3)+(E9*'Army Costs'!$D$4)+('Distribution of Troops'!F9*'Army Costs'!$D$5)+(C9*'Army Costs'!$D$2) -> 10700
A10: Media | B10: Peithon | E10: 120 | G10: =(D10*'Army Costs'!$D$3)+(E10*'Army Costs'!$D$4)+('Distribution of Troops'!F10*'Army Costs'!$D$5)+(C10*'Army Costs'!$D$2) -> 120
A11: Bactria | B11: Peukestas/Lysimachos | C11: 19000 | D11: =19000*0.95 -> 18050 | E11: =3000*0.95 -> 2850 | F11: 2000 | G11: =(D11*'Army Costs'!$D$3)+(E11*'Army Costs'!$D$4)+('Distribution of Troops'!F11*'Army Costs'!$D$5)+(C11*'Army Costs'!$D$2) -> 41575
A12: Syria | B12: Ptolemy | D12: 8200 | E12: 800 | G12: =(D12*'Army Costs'!$D$3)+(E12*'Army Costs'!$D$4)+('Distribution of Troops'!F12*'Army Costs'!$D$5)+(C12*'Army Costs'!$D$2) -> 4900
A13: Egypt | B13: Seleukos | D13: 6500 | E13: 200 | G13: =(D13*'Army Costs'!$D$3)+(E13*'Army Costs'!$D$4)+('Distribution of Troops'!F13*'Army Costs'!$D$5)+(C13*'Army Costs'!$D$2) -> 3450

Sheet Year 323
A1: Region | B1: Satrap | C1: Garrison Size | D1: Garrisoned Soldier Cost | E1: Army Costs | F1: Population | G1: Potential Troop levy | H1: Low Grain Harvest | I1: Normal Grain Harvest | J1: High Grain Harvest | K1: Required Grain | L1: Suplus Grain | M1: Tax Income in Talents | N1: Top 3 trade resources | O1: Trade Income | P1: Other Expenditure | Q1: Revenue - Expenses
A2: Macedonia | B2: Antipater | C2: 1000 | D2: 500 | E2: 6000 | F2: 200000 | G2: 12000 | H2: =Table1[[#This Row],[Normal Grain Harvest]]*0.6 -> 1500000 | I2: 2500000 | J2: =Table1[[#This Row],[Normal Grain Harvest]]*1.3 -> 3250000 | K2: =(Table1[[#This Row],[Population]]*365)/1000 -> 73000 | L2: =Table1[[#This Row],[Normal Grain Harvest]]-Table1[[#This Row],[Required Grain]] -> 2427000 | M2: =(Table1[[#This Row],[Suplus Grain]]/2)/2000 -> 606.75 | N2: timber, gold, silver | Q2: =(Table1[[#This Row],[Tax Income in Talents]]+Table1[[#This Row],[Trade Income]]-Table1[[#This Row],[Army Costs]]-Table1[[#This Row],[Other Expenditure]]-Table1[[#This Row],[Garrisoned Soldier Cost]]) -> -5893.25
A3: Thrace | B3: Krateros/Nearchos | C3: 1000 | D3: 500 | E3: 5750 | F3: 200000 | G3: 7000 | H3: =Table1[[#This Row],[Normal Grain Harvest]]*0.6 -> 1500000 | I3: 2500000 | J3: =Table1[[#This Row],[Normal Grain Harvest]]*1.3 -> 3250000 | K3: =(Table1[[#This Row],[Population]]*365)/1000 -> 73000 | L3: =Table1[[#This Row],[Low Grain Harvest]]-Table1[[#This Row],[Required Grain]] -> 1427000 | M3: =(Table1[[#This Row],[Suplus Grain]]/2)/2000 -> 356.75 | N3: gold, tin, silver | Q3: =(Table1[[#This Row],[Tax Income in Talents]]+Table1[[#This Row],[Trade Income]]-Table1[[#This Row],[Army Costs]]-Table1[[#This Row],[Other Expenditure]]-Table1[[#This Row],[Garrisoned Soldier Cost]]) -> -5893.25
A4: Paphlogonia | C4: 3000 | D4: 1500 | F4: 500000 | G4: 15000 | H4: =Table1[[#This Row],[Normal Grain Harvest]]*0.6 -> 4050000 | I4: 6750000 | J4: =Table1[[#This Row],[Normal Grain Harvest]]*1.3 -> 8775000 | K4: =(Table1[[#This Row],[Population]]*365)/1000 -> 182500 | L4: =Table1[[#This Row],[Normal Grain Harvest]]-Table1[[#This Row],[Required Grain]] -> 6567500 | M4: =(Table1[[#This Row],[Suplus Grain]]/2)/2000 -> 1641.875 | N4: fish | Q4: =(Table1[[#This Row],[Tax Income in Talents]]+Table1[[#This Row],[Trade Income]]-Table1[[#This Row],[Army Costs]]-Table1[[#This Row],[Other Expenditure]]-Table1[[#This Row],[Garrisoned Soldier Cost]]) -> 141.875
A5: Greece | B5: Harpalos | C5: 3000 | D5: 1500 | E5: 7500 | F5: 500000 | G5: 15000 | H5: =Table1[[#This Row],[Normal Grain Harvest]]*0.6 -> 4050000 | I5: 6750000 | J5: =Table1[[#This Row],[Normal Grain Harvest]]*1.3 -> 8775000 | K5: =(Table1[[#This Row],[Population]]*365)/1000 -> 182500 | L5: =Table1[[#This Row],[Normal Grain Harvest]]-Table1[[#This Row],[Required Grain]] -> 6567500 | M5: =(Table1[[#This Row],[Suplus Grain]]/2)/2000 -> 1641.875 | N5: fish | Q5: =(Table1[[#This Row],[Tax Income in Talents]]+Table1[[#This Row],[Trade Income]]-Table1[[#This Row],[Army Costs]]-Table1[[#This Row],[Other Expenditure]]-Table1[[#This Row],[Garrisoned Soldier Cost]]) -> -7358.125
A6: Ionia | B6: Nearchos | C6: 3000 | D6: 1500 | F6: 500000 | G6: 13000 | H6: =Table1[[#This Row],[Normal Grain Harvest]]*0.6 -> 4050000 | I6: 6750000 | J6: =Table1[[#This Row],[Normal Grain Harvest]]*1.3 -> 8775000 | K6: =(Table1[[#This Row],[Population]]*365)/1000 -> 182500 | L6: =Table1[[#This Row],[Normal Grain Harvest]]-Table1[[#This Row],[Required Grain]] -> 6567500 | M6: =(Table1[[#This Row],[Suplus Grain]]/2)/2000 -> 1641.875 | N6: fish | Q6: =(Table1[[#This Row],[Tax Income in Talents]]+Table1[[#This Row],[Trade Income]]-Table1[[#This Row],[Army Costs]]-Table1[[#This Row],[Other Expenditure]]-Table1[[#This Row],[Garrisoned Soldier Cost]]) -> 141.875
A7: Mysia | C7: 3000 | D7: 1500 | F7: 500000 | G7: 10000 | H7: =Table1[[#This Row],[Normal Grain Harvest]]*0.6 -> 4050000 | I7: 6750000 | J7: =Table1[[#This Row],[Normal Grain Harvest]]*1.3 -> 8775000 | K7: =(Table1[[#This Row],[Population]]*365)/1000 -> 182500 | L7: =Table1[[#This Row],[Normal Grain Harvest]]-Table1[[#This Row],[Required Grain]] -> 6567500 | M7: =(Table1[[#This Row],[Suplus Grain]]/2)/2000 -> 1641.875 | N7: produce | Q7: =(Table1[[#This Row],[Tax Income in Talents]]+Table1[[#This Row],[Trade Income]]-Table1[[#This Row],[Army Costs]]-Table1[[#This Row],[Other Expenditure]]-Table1[[#This Row],[Garrisoned Soldier Cost]]) -> 141.875
A8: Phrygia | B8: Antigonos | C8: 3000 | D8: 1500 | E8: 5400 | F8: 500000 | G8: 20000 | H8: =Table1[[#This Row],[Normal Grain Harvest]]*0.6 -> 4050000 | I8: 6750000 | J8: =Table1[[#This Row],[Normal Grain Harvest]]*1.3 -> 8775000 | K8: =(Table1[[#This Row],[Population]]*365)/1000 -> 182500 | L8: =Table1[[#This Row],[Normal Grain Harvest]]-Table1[[#This Row],[Required Grain]] -> 6567500 | M8: =(Table1[[#This Row],[Suplus Grain]]/2)/2000 -> 1641.875 | N8: gold | Q8: =(Table1[[#This Row],[Tax Income in Talents]]+Table1[[#This Row],[Trade Income]]-Table1[[#This Row],[Army Costs]]-Table1[[#This Row],[Other Expenditure]]-Table1[[#This Row],[Garrisoned Soldier Cost]]) -> -5258.125
A9: Lydia | B9: Eumenes | C9: 3000 | D9: 1500 | F9: 500000 | G9: 20000 | H9: =Table1[[#This Row],[Normal Grain Harvest]]*0.6 -> 4050000 | I9: 6750000 | J9: =Table1[[#This Row],[Normal Grain Harvest]]*1.3 -> 8775000 | K9: =(Table1[[#This Row],[Population]]*365)/1000 -> 182500 | L9: =Table1[[#This Row],[Required Grain]]-Table1[[#This Row],[Low Grain Harvest]] -> -3867500 | M9: =(Table1[[#This Row],[Suplus Grain]]/2)/2000 -> -966.875 | N9: grain | Q9: =(Table1[[#This Row],[Tax Income in Talents]]+Table1[[#This Row],[Trade Income]]-Table1[[#This Row],[Army Costs]]-Table1[[#This Row],[Other Expenditure]]-Table1[[#This Row],[Garrisoned Soldier Cost]]) -> -2466.875
A10: Capadocia | C10: 3000 | D10: 1500 | F10: 400000 | G10: 20000 | H10: =Table1[[#This Row],[Normal Grain Harvest]]*0.6 -> 4050000 | I10: 6750000 | J10: =Table1[[#This Row],[Normal Grain Harvest]]*1.3 -> 8775000 | K10: =(Table1[[#This Row],[Population]]*365)/1000 -> 146000 | L10: =Table1[[#This Row],[Normal Grain Harvest]]-Table1[[#This Row],[Required Grain]] -> 6604000 | M10: =(Table1[[#This Row],[Suplus Grain]]/2)/2000 -> 1651 | N10: tin | Q10: =(Table1[[#This Row],[Tax Income in Talents]]+Table1[[#This Row],[Trade Income]]-Table1[[#This Row],[Army Costs]]-Table1[[#This Row],[Other Expenditure]]-Table1[[#This Row],[Garrisoned Soldier Cost]]) -> 151
A11: Kilikia | B11: Antigonos | C11: 3000 | D11: 1500 | F11: 750000 | G11: 13000 | H11: =Table1[[#This Row],[Normal Grain Harvest]]*0.6 -> 4050000 | I11: 6750000 | J11: =Table1[[#This Row],[Normal Grain Harvest]]*1.3 -> 8775000 | K11: =(Table1[[#This Row],[Population]]*365)/1000 -> 273750 | L11: =Table1[[#This Row],[Low Grain Harvest]]-Table1[[#This Row],[Required Grain]] -> 3776250 | M11: =(Table1[[#This Row],[Suplus Grain]]/2)/2000 -> 944.0625 | N11: timber | Q11: =(Table1[[#This Row],[Tax Income in Talents]]+Table1[[#This Row],[Trade Income]]-Table1[[#This Row],[Army Costs]]-Table1[[#This Row],[Other Expenditure]]-Table1[[#This Row],[Garrisoned Soldier Cost]]) -> -555.9375
A12: Syria | C12: 3000 | D12: 1500 | F12: 1000000 | G12: 20000 | H12: =Table1[[#This Row],[Normal Grain Harvest]]*0.6 -> 4500000 | I12: 7500000 | J12: =Table1[[#This Row],[Normal Grain Harvest]]*1.3 -> 9750000 | K12: =(Table1[[#This Row],[Population]]*365)/1000 -> 365000 | L12: =Table1[[#This Row],[Normal Grain Harvest]]-Table1[[#This Row],[Required Grain]] -> 7135000 | M12: =(Table1[[#This Row],[Suplus Grain]]/2)/2000 -> 1783.75 | N12: timber, dyes | Q12: =(Table1[[#This Row],[Tax Income in Talents]]+Table1[[#This Row],[Trade Income]]-Table1[[#This Row],[Army Costs]]-Table1[[#This Row],[Other Expenditure]]-Table1[[#This Row],[Garrisoned Soldier Cost]]) -> 283.75
A13: Egypt | B13: Ptolemy | C13: 7500 | D13: 3750 | E13: 10000 | F13: 3500000 | G13: 80000 | H13: =Table1[[#This Row],[Normal Grain Harvest]]*0.6 -> 13500000 | I13: 22500000 | J13: =Table1[[#This Row],[Normal Grain Harvest]]*1.3 -> 29250000 | K13: =(Table1[[#This Row],[Population]]*365)/1000 -> 1277500 | L13: =Table1[[#This Row],[High Grain Harvest]]-Table1[[#This Row],[Required Grain]] -> 27972500 | M13: =(Table1[[#This Row],[Suplus Grain]]/2)/2000 -> 6993.125 | N13: grain, produce, papyrus, gems | Q13: =(Table1[[#This Row],[Tax Income in Talents]]+Table1[[#This Row],[Trade Income]]-Table1[[#This Row],[Army Costs]]-Table1[[#This Row],[Other Expenditure]]-Table1[[#This Row],[Garrisoned Soldier Cost]]) -> -6756.875
A14: Mesopotamia | B14: Kassander | C14: 5000 | D14: 2500 | F14: 2000000 | G14: 45000 | H14: =Table1[[#This Row],[Normal Grain Harvest]]*0.6 -> 7800000 | I14: 13000000 | J14: =Table1[[#This Row],[Normal Grain Harvest]]*1.3 -> 16900000 | K14: =(Table1[[#This Row],[Population]]*365)/1000 -> 730000 | L14: =Table1[[#This Row],[High Grain Harvest]]-Table1[[#This Row],[Required Grain]] -> 16170000 | M14: =(Table1[[#This Row],[Suplus Grain]]/2)/2000 -> 4042.5 | N14: grain, dates, salt | Q14: =(Table1[[#This Row],[Tax Income in Talents]]+Table1[[#This Row],[Trade Income]]-Table1[[#This Row],[Army Costs]]-Table1[[#This Row],[Other Expenditure]]-Table1[[#This Row],[Garrisoned Soldier Cost]]) -> 1542.5
A15: Babylonia | B15: Meleagros | C15: 5000 | D15: 2500 | E15: 37640 | F15: 1500000 | G15: 40000 | H15: =Table1[[#This Row],[Normal Grain Harvest]]*0.6 -> 7800000 | I15: 13000000 | J15: =Table1[[#This Row],[Normal Grain Harvest]]*1.3 -> 16900000 | K15: =(Table1[[#This Row],[Population]]*365)/1000 -> 547500 | L15: =Table1[[#This Row],[High Grain Harvest]]-Table1[[#This Row],[Required Grain]] -> 16352500 | M15: =(Table1[[#This Row],[Suplus Grain]]/2)/2000 -> 4088.125 | N15: grain, dates, salt | Q15: =(Table1[[#This Row],[Tax Income in Talents]]+Table1[[#This Row],[Trade Income]]-Table1[[#This Row],[Army Costs]]-Table1[[#This Row],[Other Expenditure]]-Table1[[#This Row],[Garrisoned Soldier Cost]]) -> -36051.875
A16: Media | B16: Peithon | C16: 5000 | D16: 2500 | E16: 150 | F16: 1000000 | G16: 45000 | H16: =Table1[[#This Row],[Normal Grain Harvest]]*0.6 -> 7800000 | I16: 13000000 | J16: =Table1[[#This Row],[Normal Grain Harvest]]*1.3 -> 16900000 | K16: =(Table1[[#This Row],[Population]]*365)/1000 -> 365000 | L16: =Table1[[#This Row],[High Grain Harvest]]-Table1[[#This Row],[Required Grain]] -> 16535000 | M16: =(Table1[[#This Row],[Suplus Grain]]/2)/2000 -> 4133.75 | N16: horses, salt | Q16: =(Table1[[#This Row],[Tax Income in Talents]]+Table1[[#This Row],[Trade Income]]-Table1[[#This Row],[Army Costs]]-Table1[[#This Row],[Other Expenditure]]-Table1[[#This Row],[Garrisoned Soldier Cost]]) -> 1483.75
A17: Persis+ Drangiane | B17: Peukestas | C17: 5000 | D17: 2500 | E17: 250 | F17: 2250000 | G17: 45000 | H17: =Table1[[#This Row],[Normal Grain Harvest]]*0.6 -> 7800000 | I17: 13000000 | J17: =Table1[[#This Row],[Normal Grain Harvest]]*1.3 -> 16900000 | K17: =(Table1[[#This Row],[Population]]*365)/1000 -> 821250 | L17: =Table1[[#This Row],[Low Grain Harvest]]-Table1[[#This Row],[Required Grain]] -> 6978750 | M17: =(Table1[[#This Row],[Suplus Grain]]/2)/2000 -> 1744.6875 | N17: grain, horses, gold | Q17: =(Table1[[#This Row],[Tax Income in Talents]]+Table1[[#This Row],[Trade Income]]-Table1[[#This Row],[Army Costs]]-Table1[[#This Row],[Other Expenditure]]-Table1[[#This Row],[Garrisoned Soldier Cost]]) -> -1005.3125
A18: Parthia + Aria | C18: 3000 | D18: 1500 | F18: 750000 | G18: 7000 | H18: =Table1[[#This Row],[Normal Grain Harvest]]*0.6 -> 3900000 | I18: 6500000 | J18: =Table1[[#This Row],[Normal Grain Harvest]]*1.3 -> 8450000 | K18: =(Table1[[#This Row],[Population]]*365)/1000 -> 273750 | L18: =Table1[[#This Row],[Normal Grain Harvest]]-Table1[[#This Row],[Required Grain]] -> 6226250 | M18: =(Table1[[#This Row],[Suplus Grain]]/2)/2000 -> 1556.5625 | N18: grain | Q18: =(Table1[[#This Row],[Tax Income in Talents]]+Table1[[#This Row],[Trade Income]]-Table1[[#This Row],[Army Costs]]-Table1[[#This Row],[Other Expenditure]]-Table1[[#This Row],[Garrisoned Soldier Cost]]) -> 56.5625
A19: Bactria + Sogdiane | B19: Lysimachos | C19: 3000 | D19: 1500 | E19: 9500 | F19: 1000000 | G19: 20000 | H19: =Table1[[#This Row],[Normal Grain Harvest]]*0.6 -> 4500000 | I19: 7500000 | J19: =Table1[[#This Row],[Normal Grain Harvest]]*1.3 -> 9750000 | K19: =(Table1[[#This Row],[Population]]*365)/1000 -> 365000 | L19: =Table1[[#This Row],[High Grain Harvest]]-Table1[[#This Row],[Required Grain]] -> 9385000 | M19: =(Table1[[#This Row],[Suplus Grain]]/2)/2000 -> 2346.25 | N19: grain, gold | Q19: =(Table1[[#This Row],[Tax Income in Talents]]+Table1[[#This Row],[Trade Income]]-Table1[[#This Row],[Army Costs]]-Table1[[#This Row],[Other Expenditure]]-Table1[[#This Row],[Garrisoned Soldier Cost]]) -> -8653.75

Sheet Year 322
A1: Region | B1: Satrap | C1: Garrison Size | D1: Garrisoned Soldier Cost | E1: Population | F1: Potential Troop levy | G1: Low Grain Harvest | H1: Normal Grain Harvest | I1: High Grain Harvest | J1: Required Grain | K1: Suplus Grain | L1: Tax Income in Talents | M1: Top 3 trade resources | N1: Trade Income | O1: Other Expenditure | P1: Revenue - Expenses
A2: Macedonia | B2: Antipater | C2: 1000 | D2: 500 | E2: 200000 | F2: 12000 | G2: =Table13[[#This Row],[Normal Grain Harvest]]*0.6 -> 1500000 | H2: 2500000 | I2: =Table13[[#This Row],[Normal Grain Harvest]]*1.3 -> 3250000 | J2: =(Table13[[#This Row],[Population]]*365)/1000 -> 73000 | K2: =Table13[[#This Row],[Normal Grain Harvest]]-Table13[[#This Row],[Required Grain]] -> 2427000 | L2: =(Table13[[#This Row],[Suplus Grain]]/2)/2000 -> 606.75 | M2: timber, gold, silver | P2: =(Table13[[#This Row],[Tax Income in Talents]]+Table13[[#This Row],[Trade Income]]-Table13[[#This Row],[Other Expenditure]]-Table13[[#This Row],[Garrisoned Soldier Cost]]) -> 106.75
A3: Thrace | B3: Krateros/Nearchos | C3: 1000 | D3: 500 | E3: 200000 | F3: 7000 | G3: =Table13[[#This Row],[Normal Grain Harvest]]*0.6 -> 1500000 | H3: 2500000 | I3: =Table13[[#This Row],[Normal Grain Harvest]]*1.3 -> 3250000 | J3: =(Table13[[#This Row],[Population]]*365)/1000 -> 73000 | K3: =Table13[[#This Row],[Normal Grain Harvest]]-Table13[[#This Row],[Required Grain]] -> 2427000 | L3: =(Table13[[#This Row],[Suplus Grain]]/2)/2000 -> 606.75 | M3: gold, tin, silver | P3: =(Table13[[#This Row],[Tax Income in Talents]]+Table13[[#This Row],[Trade Income]]-Table13[[#This Row],[Other Expenditure]]-Table13[[#This Row],[Garrisoned Soldier Cost]]) -> 106.75
A4: Paphlogonia | C4: 3000 | D4: 1500 | E4: 500000 | F4: 15000 | G4: =Table13[[#This Row],[Normal Grain Harvest]]*0.6 -> 4050000 | H4: 6750000 | I4: =Table13[[#This Row],[Normal Grain Harvest]]*1.3 -> 8775000 | J4: =(Table13[[#This Row],[Population]]*365)/1000 -> 182500 | K4: =Table13[[#This Row],[Normal Grain Harvest]]-Table13[[#This Row],[Required Grain]] -> 6567500 | L4: =(Table13[[#This Row],[Suplus Grain]]/2)/2000 -> 1641.875 | M4: fish | P4: =(Table13[[#This Row],[Tax Income in Talents]]+Table13[[#This Row],[Trade Income]]-Table13[[#This Row],[Other Expenditure]]-Table13[[#This Row],[Garrisoned Soldier Cost]]) -> 141.875
A5: Greece | B5: Harpalos | C5: 3000 | D5: 1500 | E5: 500000 | F5: 15000 | G5: =Table13[[#This Row],[Normal Grain Harvest]]*0.6 -> 4050000 | H5: 6750000 | I5: =Table13[[#This Row],[Normal Grain Harvest]]*1.3 -> 8775000 | J5: =(Table13[[#This Row],[Population]]*365)/1000 -> 182500 | K5: =Table13[[#This Row],[Low Grain Harvest]]-Table13[[#This Row],[Required Grain]] -> 3867500 | L5: =(Table13[[#This Row],[Suplus Grain]]/2)/2000 -> 966.875 | M5: fish | N5: 1000 | P5: =(Table13[[#This Row],[Tax Income in Talents]]+Table13[[#This Row],[Trade Income]]-Table13[[#This Row],[Other Expenditure]]-Table13[[#This Row],[Garrisoned Soldier Cost]]) -> 466.875
A6: Ionia | B6: Eumenes/Antigonos | C6: 3000 | D6: 1500 | E6: 500000 | F6: 13000 | G6: =Table13[[#This Row],[Normal Grain Harvest]]*0.6 -> 4050000 | H6: 6750000 | I6: =Table13[[#This Row],[Normal Grain Harvest]]*1.3 -> 8775000 | J6: =(Table13[[#This Row],[Population]]*365)/1000 -> 182500 | K6: =Table13[[#This Row],[Normal Grain Harvest]]-Table13[[#This Row],[Required Grain]] -> 6567500 | L6: =(Table13[[#This Row],[Suplus Grain]]/2)/2000 -> 1641.875 | M6: fish | P6: =(Table13[[#This Row],[Tax Income in Talents]]+Table13[[#This Row],[Trade Income]]-Table13[[#This Row],[Other Expenditure]]-Table13[[#This Row],[Garrisoned Soldier Cost]]) -> 141.875
A7: Mysia | B7: Eumenes | C7: 3000 | D7: 1500 | E7: 500000 | F7: 10000 | G7: =Table13[[#This Row],[Normal Grain Harvest]]*0.6 -> 4050000 | H7: 6750000 | I7: =Table13[[#This Row],[Normal Grain Harvest]]*1.3 -> 8775000 | J7: =(Table13[[#This Row],[Population]]*365)/1000 -> 182500 | K7: =Table13[[#This Row],[Low Grain Harvest]]-Table13[[#This Row],[Required Grain]] -> 3867500 | L7: =(Table13[[#This Row],[Suplus Grain]]/2)/2000 -> 966.875 | M7: produce | P7: =(Table13[[#This Row],[Tax Income in Talents]]+Table13[[#This Row],[Trade Income]]-Table13[[#This Row],[Other Expenditure]]-Table13[[#This Row],[Garrisoned Soldier Cost]]) -> -533.125
A8: Phrygia | B8: Antigonos | C8: 3000 | D8: 1500 | E8: 500000 | F8: 20000 | G8: =Table13[[#This Row],[Normal Grain Harvest]]*0.6 -> 4050000 | H8: 6750000 | I8: =Table13[[#This Row],[Normal Grain Harvest]]*1.3 -> 8775000 | J8: =(Table13[[#This Row],[Population]]*365)/1000 -> 182500 | K8: =Table13[[#This Row],[Normal Grain Harvest]]-Table13[[#This Row],[Required Grain]] -> 6567500 | L8: =(Table13[[#This Row],[Suplus Grain]]/2)/2000 -> 1641.875 | M8: gold | P8: =(Table13[[#This Row],[Tax Income in Talents]]+Table13[[#This Row],[Trade Income]]-Table13[[#This Row],[Other Expenditure]]-Table13[[#This Row],[Garrisoned Soldier Cost]]) -> 141.875
A9: Lydia | B9: Eumenes | C9: 3000 | D9: 1500 | E9: 500000 | F9: 20000 | G9: =Table13[[#This Row],[Normal Grain Harvest]]*0.6 -> 4050000 | H9: 6750000 | I9: =Table13[[#This Row],[Normal Grain Harvest]]*1.3 -> 8775000 | J9: =(Table13[[#This Row],[Population]]*365)/1000 -> 182500 | K9: =Table13[[#This Row],[Normal Grain Harvest]]-Table13[[#This Row],[Required Grain]] -> 6567500 | L9: =(Table13[[#This Row],[Suplus Grain]]/2)/2000 -> 1641.875 | M9: grain | P9: =(Table13[[#This Row],[Tax Income in Talents]]+Table13[[#This Row],[Trade Income]]-Table13[[#This Row],[Other Expenditure]]-Table13[[#This Row],[Garrisoned Soldier Cost]]) -> 141.875
A10: Capadocia | C10: 3000 | D10: 1500 | E10: 400000 | F10: 20000 | G10: =Table13[[#This Row],[Normal Grain Harvest]]*0.6 -> 4050000 | H10: 6750000 | I10: =Table13[[#This Row],[Normal Grain Harvest]]*1.3 -> 8775000 | J10: =(Table13[[#This Row],[Population]]*365)/1000 -> 146000 | K10: =Table13[[#This Row],[Normal Grain Harvest]]-Table13[[#This Row],[Required Grain]] -> 6604000 | L10: =(Table13[[#This Row],[Suplus Grain]]/2)/2000 -> 1651 | M10: tin | P10: =(Table13[[#This Row],[Tax Income in Talents]]+Table13[[#This Row],[Trade Income]]-Table13[[#This Row],[Other Expenditure]]-Table13[[#This Row],[Garrisoned Soldier Cost]]) -> 151
A11: Kilikia | B11: Antigonos | C11: 3000 | D11: 1500 | E11: 750000 | F11: 13000 | G11: =Table13[[#This Row],[Normal Grain Harvest]]*0.6 -> 4050000 | H11: 6750000 | I11: =Table13[[#This Row],[Normal Grain Harvest]]*1.3 -> 8775000 | J11: =(Table13[[#This Row],[Population]]*365)/1000 -> 273750 | K11: =Table13[[#This Row],[Normal Grain Harvest]]-Table13[[#This Row],[Required Grain]] -> 6476250 | L11: =(Table13[[#This Row],[Suplus Grain]]/2)/2000 -> 1619.0625 | M11: timber | P11: =(Table13[[#This Row],[Tax Income in Talents]]+Table13[[#This Row],[Trade Income]]-Table13[[#This Row],[Other Expenditure]]-Table13[[#This Row],[Garrisoned Soldier Cost]]) -> 119.0625
A12: Syria | C12: 3000 | D12: 1500 | E12: 1000000 | F12: 20000 | G12: =Table13[[#This Row],[Normal Grain Harvest]]*0.6 -> 4500000 | H12: 7500000 | I12: =Table13[[#This Row],[Normal Grain Harvest]]*1.3 -> 9750000 | J12: =(Table13[[#This Row],[Population]]*365)/1000 -> 365000 | K12: =Table13[[#This Row],[Normal Grain Harvest]]-Table13[[#This Row],[Required Grain]] -> 7135000 | L12: =(Table13[[#This Row],[Suplus Grain]]/2)/2000 -> 1783.75 | M12: timber, dyes | P12: =(Table13[[#This Row],[Tax Income in Talents]]+Table13[[#This Row],[Trade Income]]-Table13[[#This Row],[Other Expenditure]]-Table13[[#This Row],[Garrisoned Soldier Cost]]) -> 283.75
A13: Cyrene | B13: Ptolemy | C13: 3000 | D13: 1500 | E13: 1000000 | F13: 20000 | G13: =Table13[[#This Row],[Normal Grain Harvest]]*0.6 -> 4500000 | H13: 7500000 | I13: =Table13[[#This Row],[Normal Grain Harvest]]*1.3 -> 9750000 | J13: =(Table13[[#This Row],[Population]]*365)/1000 -> 365000 | K13: =Table13[[#This Row],[Low Grain Harvest]]-Table13[[#This Row],[Required Grain]] -> 4135000 | L13: =(Table13[[#This Row],[Suplus Grain]]/2)/2000 -> 1033.75 | M13: timber, dyes | P13: =(Table13[[#This Row],[Tax Income in Talents]]+Table13[[#This Row],[Trade Income]]-Table13[[#This Row],[Other Expenditure]]-Table13[[#This Row],[Garrisoned Soldier Cost]]) -> -466.25
A14: Egypt | B14: Ptolemy | C14: 7500 | D14: 3750 | E14: 3500000 | F14: 80000 | G14: =Table13[[#This Row],[Normal Grain Harvest]]*0.6 -> 13500000 | H14: 22500000 | I14: =Table13[[#This Row],[Normal Grain Harvest]]*1.3 -> 29250000 | J14: =(Table13[[#This Row],[Population]]*365)/1000 -> 1277500 | K14: =Table13[[#This Row],[High Grain Harvest]]-Table13[[#This Row],[Required Grain]] -> 27972500 | L14: =(Table13[[#This Row],[Suplus Grain]]/2)/2000 -> 6993.125 | M14: grain, produce, papyrus, gems | P14: =(Table13[[#This Row],[Tax Income in Talents]]+Table13[[#This Row],[Trade Income]]-Table13[[#This Row],[Other Expenditure]]-Table13[[#This Row],[Garrisoned Soldier Cost]]) -> 3243.125
A15: Mesopotamia | B15: Kassander | C15: 5000 | D15: 2500 | E15: 2000000 | F15: 45000 | G15: =Table13[[#This Row],[Normal Grain Harvest]]*0.6 -> 7800000 | H15: 13000000 | I15: =Table13[[#This Row],[Normal Grain Harvest]]*1.3 -> 16900000 | J15: =(Table13[[#This Row],[Population]]*365)/1000 -> 730000 | K15: =Table13[[#This Row],[High Grain Harvest]]-Table13[[#This Row],[Required Grain]] -> 16170000 | L15: =(Table13[[#This Row],[Suplus Grain]]/2)/2000 -> 4042.5 | M15: grain, dates, salt | P15: =(Table13[[#This Row],[Tax Income in Talents]]+Table13[[#This Row],[Trade Income]]-Table13[[#This Row],[Other Expenditure]]-Table13[[#This Row],[Garrisoned Soldier Cost]]) -> 1542.5
A16: Babylonia | B16: Meleagros | C16: 5000 | D16: 2500 | E16: 1500000 | F16: 40000 | G16: =Table13[[#This Row],[Normal Grain Harvest]]*0.6 -> 7800000 | H16: 13000000 | I16: =Table13[[#This Row],[Normal Grain Harvest]]*1.3 -> 16900000 | J16: =(Table13[[#This Row],[Population]]*365)/1000 -> 547500 | K16: =Table13[[#This Row],[High Grain Harvest]]-Table13[[#This Row],[Required Grain]] -> 16352500 | L16: =(Table13[[#This Row],[Suplus Grain]]/2)/2000 -> 4088.125 | M16: grain, dates, salt | P16: =(Table13[[#This Row],[Tax Income in Talents]]+Table13[[#This Row],[Trade Income]]-Table13[[#This Row],[Other Expenditure]]-Table13[[#This Row],[Garrisoned Soldier Cost]]) -> 1588.125
A17: Media | B17: Peithon | C17: 5000 | D17: 2500 | E17: 1000000 | F17: 45000 | G17: =Table13[[#This Row],[Normal Grain Harvest]]*0.6 -> 7800000 | H17: 13000000 | I17: =Table13[[#This Row],[Normal Grain Harvest]]*1.3 -> 16900000 | J17: =(Table13[[#This Row],[Population]]*365)/1000 -> 365000 | K17: =Table13[[#This Row],[Normal Grain Harvest]]-Table13[[#This Row],[Required Grain]] -> 12635000 | L17: =(Table13[[#This Row],[Suplus Grain]]/2)/2000 -> 3158.75 | M17: horses, salt | P17: =(Table13[[#This Row],[Tax Income in Talents]]+Table13[[#This Row],[Trade Income]]-Table13[[#This Row],[Other Expenditure]]-Table13[[#This Row],[Garrisoned Soldier Cost]]) -> 658.75
A18: Persis+ Drangiane | B18: Peukestas | C18: 5000 | D18: 2500 | E18: 2250000 | F18: 45000 | G18: =Table13[[#This Row],[Normal Grain Harvest]]*0.6 -> 7800000 | H18: 13000000 | I18: =Table13[[#This Row],[Normal Grain Harvest]]*1.3 -> 16900000 | J18: =(Table13[[#This Row],[Population]]*365)/1000 -> 821250 | K18: =Table13[[#This Row],[Normal Grain Harvest]]-Table13[[#This Row],[Required Grain]] -> 12178750 | L18: =(Table13[[#This Row],[Suplus Grain]]/2)/2000 -> 3044.6875 | M18: grain, horses, gold | P18: =(Table13[[#This Row],[Tax Income in Talents]]+Table13[[#This Row],[Trade Income]]-Table13[[#This Row],[Other Expenditure]]-Table13[[#This Row],[Garrisoned Soldier Cost]]) -> 544.6875
A19: Parthia + Aria | B19: Peukestas/Lysimachos | C19: 3000 | D19: 1500 | E19: 750000 | F19: 7000 | G19: =Table13[[#This Row],[Normal Grain Harvest]]*0.6 -> 3900000 | H19: 6500000 | I19: =Table13[[#This Row],[Normal Grain Harvest]]*1.3 -> 8450000 | J19: =(Table13[[#This Row],[Population]]*365)/1000 -> 273750 | K19: =Table13[[#This Row],[Normal Grain Harvest]]-Table13[[#This Row],[Required Grain]] -> 6226250 | L19: =(Table13[[#This Row],[Suplus Grain]]/2)/2000 -> 1556.5625 | M19: grain | P19: =(Table13[[#This Row],[Tax Income in Talents]]+Table13[[#This Row],[Trade Income]]-Table13[[#This Row],[Other Expenditure]]-Table13[[#This Row],[Garrisoned Soldier Cost]]) -> 56.5625
A20: Bactria + Sogdiane | B20: Lysimachos | C20: 3000 | D20: 1500 | E20: 1000000 | F20: 20000 | G20: =Table13[[#This Row],[Normal Grain Harvest]]*0.6 -> 4500000 | H20: 7500000 | I20: =Table13[[#This Row],[Normal Grain Harvest]]*1.3 -> 9750000 | J20: =(Table13[[#This Row],[Population]]*365)/1000 -> 365000 | K20: =Table13[[#This Row],[High Grain Harvest]]-Table13[[#This Row],[Required Grain]] -> 9385000 | L20: =(Table13[[#This Row],[Suplus Grain]]/2)/2000 -> 2346.25 | M20: grain, gold | P20: =(Table13[[#This Row],[Tax Income in Talents]]+Table13[[#This Row],[Trade Income]]-Table13[[#This Row],[Other Expenditure]]-Table13[[#This Row],[Garrisoned Soldier Cost]]) -> 846.25
